 Dungeon Crawl Stone Soup version 0.17-a0-1941-gcc30b76 (webtiles) character file.

71 Rationalist the Skirmisher (level 4, 0/37 HPs)
             Began as a Demonspawn Berserker on Sept 30, 2015.
             Was a Believer of Trog.
             Slain by a worm (12 damage)
             ... on level 2 of the Dungeon.
             The game lasted 00:02:23 (1850 turns).

Rationalist the Skirmisher (Demonspawn Berserker)   Turns: 1850, Time: 00:02:23

Health: 0/37       AC:  2    Str: 17    XL:     4   Next: 5%
Magic:  4/4        EV: 12    Int:  9    God:    Trog [**....]
Gold:   84         SH:  0    Dex: 13    Spells: 0 memorised, 3 levels left

rFire  . . .     SeeInvis .     a - +0 hand axe
rCold  . . .     Clarity  .     p - +0 robe (curse)
rNeg   . . .     SustAt   .     (no shield)
rPois  .         Gourm    .     (helmet restricted)
rElec  .         Spirit   .     (no cloak)
rCorr  .         Warding  .     (no gloves)
rMut   .         Stasis   .     (no boots)
MR     .....                    (no amulet)
Stlth  +.........               (no ring)
                                (no ring)

@: starving, not resistant to hostile enchantments, very unstealthy
A: antennae 2, rot immunity
a: Burn Spellbooks, Berserk, Trog's Hand, Renounce Religion


You were on level 2 of the Dungeon.
You worshipped Trog.
Trog was pleased with you.
You were starving.

You visited 1 branch of the dungeon, and saw 2 of its levels.

You collected 84 gold pieces.

Inventory:

Hand weapons
 a - a +0 hand axe (weapon)
 h - a +2 hunting sling of freezing
Armour
 p - a cursed +0 robe (worn)
Scrolls
 e - a scroll of enchant weapon {unknown}
 i - 3 scrolls of identify {unknown}
 k - a scroll of fog {unknown}
 m - 2 scrolls of teleportation {unknown}
 n - 2 scrolls of amnesia {unknown}
Potions
 d - a potion of resistance {unknown}
 f - a potion of heal wounds {unknown}
 g - 2 potions of lignification {unknown}
 j - a potion of curing
 l - a potion of magic {unknown}
 o - a potion of degeneration {unknown}
Comestibles
 b - a meat ration
 c - 2 bread rations
 q - 4 fruits


   Skills:
 + Level 3.7 Fighting
 + Level 3.3 Axes
 + Level 1.9 Armour
 + Level 2.5 Dodging


You had 3 spell levels left.
You didn't know any spells.

Dungeon Overview and Level Annotations

Branches:
Dungeon (2/15)

Altars:
Okawaru
Vehumet


Innate Abilities, Weirdness & Mutations

You have a pair of antennae on your head.
You are immune to rotting.


Message History

The worm bites you!
* * * LOW HITPOINT WARNING * * *
You hit the worm.
The worm is moderately wounded.
Drink which item? (? for menu, Esc to quit)
It was a potion of curing.
You feel better. The worm barely misses you.
You hit the worm.
The worm is heavily wounded.
The worm completely misses you.
You hit the worm.
The worm is heavily wounded.
You hit the worm but do no damage.
The worm is heavily wounded.
The worm barely misses you.
You hit the worm.
The worm is severely wounded.
You hit the worm.
The worm is severely wounded.
The worm bites you!
You die...

# #.....##.##<#...........#.####.
###..##.##.#####.###.####.#.#...#
.....##>......##.# #.# #.#.#.#..
########.#.##.##.# #.# #.#.#.###
# #.#.##.##.# #.# #.#[#.#..
#.#.##.##.# #+# ##.#.#...#
.#..#....# ...#.#.###.# #
.##.#######.....#.#...... #
#.....@w......#.#.###.# ###
#.#####.......#.#.# #.# ..#
#.............#.#.# #.# ..#
#..........####.#.# #.. ..#
#.#.#.#.#..# #.#.# ### ..#
####.......#..####.#.#### ..#
#....#.#.#....#..#.#.#..#
..######............>#.##.#....#
..#.........#.#.#.##......####.#


You could see a worm.

Vanquished Creatures
  Terence (D:2)
  An adder (D:2)
  An ooze (D:1)
  3 giant geckos (D:1)
  5 bats
  4 giant cockroaches (D:1)
  2 hobgoblins (D:1)
  4 kobolds
  A ball python (D:1)
  2 giant newts
  2 goblins
  5 rats
31 creatures vanquished.

Notes
Turn   | Place    | Note
--------------------------------------------------------------
     0 | D:1      | Rationalist the Demonspawn Berserker began the quest for the Orb.
     0 | D:1      | Reached XP level 1. HP: 18/18 MP: 1/1
   549 | D:1      | Gained mutation: You have a pair of small antennae on your head. [demonic ancestry]
   549 | D:1      | Reached XP level 2. HP: 24/24 MP: 2/2
   803 | D:1      | Acquired Trog's second power
  1114 | D:2      | Noticed Terence
  1124 | D:2      | Killed Terence
  1124 | D:2      | Gained mutation: You have a pair of antennae on your head. [demonic ancestry]
  1124 | D:2      | Reached XP level 3. HP: 14/29 MP: 3/3
  1423 | D:2      | Found a radiant altar of Vehumet.
  1556 | D:2      | Found an iron altar of Okawaru.
  1641 | D:2      | Gained mutation: You are immune to rotting. [demonic ancestry]
  1641 | D:2      | Reached XP level 4. HP: 27/37 MP: 4/4
  1850 | D:2      | Slain by a worm

Vault maps used:
D:1:      dpeg_arrival_central
D:2:      nicolae_overflow_crystal_walls, vehumet_crystals,
          serial_co_window_serial, co_window_corner_a, co_window_paths_a,
          co_window_paths_b, co_window_of_opportunity_a, co_window_paths_a,
          co_window_paths_a, co_window_of_opportunity_a, co_window_cross_2,
          co_window_broadway_a, co_window_of_opportunity_b, co_window_cross_3,
          co_window_cross_2, co_window_of_opportunity_b, glass_columns_b,
          glass_columns_c, glass_columns_a, uniq_terence

Action                   |  1- 3 |  4- 6 || total
-------------------------+-------+-------++-------
Melee: Hand axe          |   107 |    22 ||   129
Invok: Berserk           |     1 |       ||     1
  Use: Potion            |       |     1 ||     1
  Eat: Chunk             |     2 |       ||     2
